 Dungeon Crawl Stone Soup version 0.28-a0-728-g0181a31188 (webtiles) character file.

Game seed: 8861178980125746890

5803 Ijustatesigmund the Covert (level 10, -4/82 HPs)
             Began as a Gnoll Delver on Oct 28, 2021.
             Was a Believer of Cheibriados.
             Killed from afar by a fire dragon (51 damage)
             ... with a blast of flame
             ... on level 10 of the Dungeon.
             The game lasted 00:21:27 (12172 turns).

Ijustatesigmund the Covert (Gnoll Delver)          Turns: 12172, Time: 00:21:29

Health: -4/82      AC: 18    Str: 18    XL:     10   Next: 79%
Magic:  12/18      EV:  5    Int: 17    God:    Cheibriados [**....]
Gold:   585        SH: 17    Dex: 18    Spells: 18/20 levels left

rFire   . . .      SeeInvis +   v - +5 flail
rCold   + . .      Faith    .   x - +2 tower shield
rNeg    . . .      Spirit   .   b - +0 plate armour
rPois   .          Reflect  .   (no helmet)
rElec   .          Harm     .   w - +2 cloak
rCorr   .          Rampage  .   j - +1 pair of gloves
Will    .....                   (no boots)
Stlth   +.........              k - amulet of the acrobat
HPRegen 0.23/turn               A - ring of protection from cold
MPRegen 0.16/turn               r - ring of see invisible

@: very slow
A: fangs 1, strong nose, distributed training
a: Renounce Religion, Bend Time


You were on level 10 of the Dungeon.
You worshipped Cheibriados.
Cheibriados was pleased with you.
You visited 3 branches of the dungeon, and saw 12 of its levels.

You collected 585 gold pieces.

Inventory:

Hand Weapons
 a - a +0 hand axe
 m - a +2 morningstar of freezing
 v - a +5 flail (weapon)
Missiles
 q - 39 poisoned darts (quivered)
Armour
 b - a +0 plate armour (worn)
 j - a +1 pair of gloves (worn)
 w - a +2 cloak (worn)
 x - a +2 tower shield (worn)
Jewellery
 f - a ring of wizardry
 h - a ring of ice
 k - an amulet of the acrobat (around neck)
 o - an amulet of guardian spirit
 r - a ring of see invisible (right hand)
 A - a ring of protection from cold (left hand)
Wands
 g - a wand of digging (3)
 y - a wand of polymorph (8)
Scrolls
 c - 3 scrolls of fog
 d - a scroll of magic mapping
 l - a scroll of blinking
 n - a scroll of teleportation
 z - a scroll of identify
Potions
 p - 2 potions of attraction
 s - a potion of cancellation
 t - a potion of brilliance
Miscellaneous
 e - a condenser vane (inert)


   Skills:
 + Level 8.7 Fighting
 + Level 5.6 Short Blades
 + Level 5.6 Long Blades
 + Level 7.3 Axes
 + Level 5.6 Maces & Flails
 + Level 5.6 Polearms
 + Level 5.6 Staves
 + Level 5.6 Slings
 + Level 5.6 Bows
 + Level 5.6 Crossbows
 + Level 5.6 Throwing
 + Level 5.6 Armour
 + Level 7.3 Dodging
 + Level 11.1 Stealth
 + Level 5.6 Shields
 + Level 5.6 Unarmed Combat
 + Level 5.6 Spellcasting
 + Level 4.6 Conjurations
 + Level 4.6 Hexes
 + Level 4.6 Summonings
 + Level 4.6 Necromancy
 + Level 4.6 Translocations
 + Level 4.6 Transmutations
 + Level 4.6 Fire Magic
 + Level 4.6 Ice Magic
 + Level 4.6 Air Magic
 + Level 4.6 Earth Magic
 + Level 4.6 Poison Magic
 + Level 6.1 Invocations
 + Level 5.6 Evocations


You had 18 spell levels left.
You knew the following spells:

 Your Spells              Type           Power      Damage    Failure   Level
a - Blink                 Tloc           40%        N/A       100%        2

Your spell library contained the following spells:

 Spells                   Type           Power      Damage    Failure   Level
 Corpse Rot               Necr/Air       40%        N/A       100%        2
 Poisonous Vapours        Pois/Air       40%        N/A       100%        2
 Scorch                   Fire           40%        2d7       100%        2
 Slow                     Hex            20%        N/A       100%        2
 Confusing Touch          Hex            20%        N/A       100%        3
 Lesser Beckoning         Tloc           20%        N/A       100%        3
 Vampiric Draining        Necr           10%        2d7       100%        3
 Flame Wave               Conj/Fire      20%        3d6       100%        4
 Manifold Assault         Tloc           20%        N/A       100%        5
 Summon Cactus Giant      Summ           10%        N/A       100%        6


Dungeon Overview and Level Annotations

Branches:
Dungeon (10/15)            Temple (1/1) D:6            Lair (1/6) D:8
    Orc: D:9-12

Altars:
Ashenzari
Cheibriados
Dithmenos
Elyvilon
Fedhas
Gozag
Hepliaklqana
Kikubaaqudgha
Makhleb
Nemelex Xobeh
Okawaru
Qazlal
Ru
Sif Muna
Trog
Uskayaw
Vehumet
Wu Jian
Xom
Yredelemnul
Zin
The Shining One

Shops:
D:7 *


Innate Abilities, Weirdness & Mutations

You have very sharp teeth.
Your uncanny sense of smell can sniff out nearby items.
Your experience applies equally to all skills.


Message History

You sock the necromancer!
The necromancer is severely wounded.
You block the necromancer's attack. x2
You sock the necromancer!
You kill the necromancer!
Your life force feels restored.
Things that are here:
the +9 dagger of Cuiqiw {speed, rPois Will+ Int+4}; a +0 robe You start resting.
Magic restored.
You start resting.
A fire dragon comes into view.
The fire dragon roars deafeningly!
You hear a roar! x3
You hear an angry hiss.
The fire dragon bites you! You block the fire dragon's attack.
The fire dragon misses you. The fire dragon completely misses you.
The fire dragon claws you. The fire dragon completely misses you.
You hear an angry hiss.
Things that are here:
a +3 spear of venom; a +0 ring mail
Okay, then.
The flow of time bends around you.
The fire dragon resists with some effort.
Cheibriados lowers the support of your attributes as your movement quickens.
You hear an angry hiss.
The fire dragon bites you but does no damage.
The fire dragon claws you but does no damage.
The fire dragon tramples you.
You hold your ground!
The flow of time bends around you.
The fire dragon resists with some effort.
You block the fire dragon's attack. x2
The fire dragon tramples you but does no damage.
Unknown command.
You hit the fire dragon.
You bite the fire dragon, but do no damage.
The fire dragon is lightly wounded.
The fire dragon breathes flames at you. The blast of flame hits you!!!
Ouch! That really hurt!
You die...

.♣♣♣.#♣.♣ .♣.♣.#♣.♣
♣.♣ .♣.♣.#♣.♣ ♣.♣
.♣.♣.#♣.♣ ∆ ♣.♣
..≈.....♣ ∆ ♣.♣
.♣.♣.#♣.♣ ♣.♣
.♣.♣.#♣.♣ ♣.♣
.♣.♣.#♣.♣♣♣♣♣♣♣♣♣D♣
.♣♣♣.#♣......).)@.♣
♣. .♣#♣♣♣♣♣♣♣♣♣♣♣♣♣
. . ♣ ♣ ∆


You could see a fire dragon (catching breath).

Vanquished Creatures
  A two-headed ogre (D:9)
  A necromancer (D:10)
  An unseen horror (D:10)
  A hornet (D:9)
  3 wyverns
  A wraith (D:8)
  2 yaks (D:10)
  3 water moccasins
  2 black bears
  A hornet zombie (D:5)
  A sky beast (D:8)
  2 orc warriors (D:8)
  An ice beast (D:3)
  A necrophage (D:6)
  4 ogres
  5 centaurs
  2 bullfrogs
  A wyvern zombie (D:6)
  4 gnoll sergeants
  3 scorpions
  A water moccasin skeleton (D:7)
  3 wights (D:7)
  4 howler monkeys
  2 centaur zombies
  2 hounds
  A jelly (D:7)
  2 orc priests
  4 iguanas
  7 orc wizards
  A howler monkey zombie (D:9)
  7 gnolls
  4 adders
  2 shadow imps
  2 white imps
  An adder skeleton (D:4)
  2 worms
  A dart slug (D:4)
  26 orcs
  2 ball pythons
  6 endoplasms
  4 giant cockroaches
  3 goblins
  9 hobgoblins
  A quokka (D:1)
  2 bats
  2 frilled lizards (D:1)
  4 kobolds
  5 rats
150 creatures vanquished.

Vanquished Creatures (others)
  An ogre (D:6)
  13 fungi (D:8)
  14 plants
28 creatures vanquished.

Grand Total: 178 creatures vanquished

Notes
Turn   | Place    | Note
-------+----------+-------------------------------------------
     0 | D:5      | Reached skill level 9 in Stealth
     0 | D:5      | Ijustatesigmund the Gnoll Delver began the quest for the
                  | Orb.
     0 | D:5      | Reached XP level 1. HP: 23/23 MP: 1/1
    97 | D:3      | Reached XP level 2. HP: 28/29 MP: 2/2
   656 | D:1      | Found a faded altar of an unknown god.
   656 | D:1      | Noticed a shining eye
   660 | D:1      | Noticed a golden eye
   664 | D:1      | Noticed a shining eye
   692 | D:1      | Reached XP level 3. HP: 28/35 MP: 3/3
  1043 | D:1      | Reached skill level 1 in Invocations
  1486 | D:1      | Noticed a shining eye
  2324 | D:3      | Noticed an ogre
  2330 | D:3      | Noticed an ice beast
  2341 | D:3      | Killed an ogre
  2342 | D:3      | Reached skill level 1 in Short Blades
  2342 | D:3      | Reached skill level 1 in Long Blades
  2342 | D:3      | Reached skill level 1 in Maces & Flails
  2342 | D:3      | Reached skill level 1 in Polearms
  2342 | D:3      | Reached skill level 1 in Staves
  2342 | D:3      | Reached skill level 1 in Slings
  2342 | D:3      | Reached skill level 1 in Bows
  2342 | D:3      | Reached skill level 1 in Crossbows
  2342 | D:3      | Reached skill level 1 in Throwing
  2342 | D:3      | Reached skill level 1 in Armour
  2342 | D:3      | Reached skill level 1 in Shields
  2342 | D:3      | Reached skill level 1 in Unarmed Combat
  2342 | D:3      | Reached skill level 1 in Spellcasting
  2342 | D:3      | Reached skill level 1 in Conjurations
  2342 | D:3      | Reached skill level 1 in Hexes
  2342 | D:3      | Reached skill level 1 in Summonings
  2342 | D:3      | Reached skill level 1 in Necromancy
  2342 | D:3      | Reached skill level 1 in Translocations
  2342 | D:3      | Reached skill level 1 in Transmutations
  2342 | D:3      | Reached skill level 1 in Fire Magic
  2342 | D:3      | Reached skill level 1 in Ice Magic
  2342 | D:3      | Reached skill level 1 in Air Magic
  2342 | D:3      | Reached skill level 1 in Earth Magic
  2342 | D:3      | Reached skill level 1 in Poison Magic
  2342 | D:3      | Reached skill level 1 in Evocations
  2342 | D:3      | Reached XP level 4. HP: 24/41 MP: 4/6
  2342 | D:3      | Reached XP level 5. HP: 28/47 MP: 4/7
  2367 | D:3      | Killed an ice beast
  2747 | D:3      | Reached XP level 6. HP: 52/53 MP: 8/8
  4098 | D:5      | Reached skill level 5 in Axes
  4098 | D:5      | Reached skill level 5 in Dodging
  4149 | D:5      | You fall into a shaft and drop 3 floors!
  4186 | D:8      | Noticed a sky beast
  4199 | D:8      | Killed a sky beast
  4313 | D:8      | Reached XP level 7. HP: 43/59 MP: 10/10
  4570 | D:8      | Reached skill level 10 in Stealth
  4684 | D:8      | Found a staircase to the Lair.
  4690 | D:8      | Reached XP level 8. HP: 43/67 MP: 12/12
  4808 | Lair:1   | Entered Level 1 of the Lair of Beasts
  5433 | D:8      | Noticed a wyvern
  5442 | D:8      | Killed a wyvern
  6101 | D:6      | Reached XP level 9. HP: 33/72 MP: 14/14
  6539 | D:6      | Found a staircase to the Ecumenical Temple.
  6550 | Temple   | Entered the Ecumenical Temple
  6851 | Temple   | Became a worshipper of Cheibriados the Contemplative
  7073 | D:5      | Learned a level 2 spell: Blink
  7323 | D:5      | Reached * piety under Cheibriados
  8368 | D:6      | Found a broken altar of Ashenzari.
  8372 | D:6      | Saw a vision of the Shoals and the Spider Nest.
  8372 | D:6      | Noticed a hornet
  8372 | D:6      | Noticed a hornet
  8372 | D:6      | Noticed a hornet
  8372 | D:6      | Noticed a wolf spider
  8372 | D:6      | Noticed a merfolk
  8372 | D:6      | Noticed a merfolk
  8372 | D:6      | Noticed a sea snake
  8372 | D:6      | Noticed a merfolk siren
  8372 | D:6      | Noticed a merfolk
  8372 | D:6      | Noticed a merfolk
  8372 | D:6      | Noticed a sea snake
  8372 | D:6      | Noticed a hornet
  8372 | D:6      | Noticed a merfolk siren
  8372 | D:6      | Noticed a sea snake
  9010 | D:7      | Found Zoleibb's CLEARANCE SALE!.
  9050 | D:7      | You fall into a shaft and drop 1 floor!
  9206 | D:8      | Reached skill level 5 in Invocations
 10095 | D:8      | Reached XP level 10. HP: 51/80 MP: 17/17
 10552 | D:9      | Reached ** piety under Cheibriados
 10616 | D:9      | Paralysed by a hornet for 1 turns
 10620 | D:9      | Reached skill level 5 in Short Blades
 10620 | D:9      | Reached skill level 5 in Long Blades
 10620 | D:9      | Reached skill level 5 in Maces & Flails
 10620 | D:9      | Reached skill level 5 in Polearms
 10620 | D:9      | Reached skill level 5 in Staves
 10620 | D:9      | Reached skill level 5 in Slings
 10620 | D:9      | Reached skill level 5 in Bows
 10620 | D:9      | Reached skill level 5 in Crossbows
 10620 | D:9      | Reached skill level 5 in Throwing
 10620 | D:9      | Reached skill level 5 in Armour
 10620 | D:9      | Reached skill level 5 in Shields
 10620 | D:9      | Reached skill level 5 in Unarmed Combat
 10620 | D:9      | Reached skill level 5 in Spellcasting
 10620 | D:9      | Reached skill level 5 in Evocations
 11014 | D:9      | Noticed a two-headed ogre
 11027 | D:9      | Killed a two-headed ogre
 11514 | D:10     | Entered Level 10 of the Dungeon
 11681 | D:10     | Noticed an unseen horror
 11691 | D:10     | Killed an unseen horror
 11692 | D:10     | Reached skill level 11 in Stealth
 12075 | D:10     | Identified the +9 dagger of Cuiqiw {speed, rPois Will+
                  | Int+4}
 12075 | D:10     | Noticed a necromancer
 12088 | D:10     | Killed a necromancer
 12168 | D:10     | Noticed a fire dragon
 12172 | D:10     | Killed from afar by a fire dragon

Illustrated notes

Levels and vault maps discovered:
D:1:      lightli_arrival_chessboard, layout_basic,
          hellmonk_ecumenical_altar_watching_god
D:2:      layout_basic
D:3:      layout_loops_ring, bh_walls_and_bars
D:4:      layout_gridville
D:5:      layout_rooms
D:6:      lemuel_ice_spiral_2, layout_basic, grunt_ashenzari_visionary
          [grunt_ashenzari_visionary_shoals, grunt_ashenzari_visionary_spider],
          minmay_temple_entry_statues_pillars
D:7:      layout_rooms, grunt_decor_clamped, nicolae_shop_clearance
D:8:      layout_rooms, grunt_lair_entry_orc_guard_hut
D:9:      layout_rooms, minmay_misc_feat_hallway, chequers_serial_rivers_room_b
D:10:     nzn_winding_woodlands_cross [nzn_winding_woodlands_5x15_eye,
          nzn_winding_woodlands_5x15_zeroes,
          nzn_winding_woodlands_5x15_pathside_ponds,
          nzn_winding_woodlands_5x15_river_crossing,
          nzn_winding_woodlands_15x15_boxy_spiral], layout_basic,
          hangedman_abyss_or_decor_jellyfish_corner
Temple:   roderic_octagonal_lattice_temple
Lair:1:   layout_roguey, basic_altar

Skill      XL: |  1  2  3  4  5  6  7  8  9 10 |
---------------+-------------------------------+-----
Stealth        | 10 11 | 11.1
Invocations    | 1 2 3 4 5 6 |  6.1
Short Blades   | 1 2 3 4 5 |  5.6
Long Blades    | 1 2 3 4 5 |  5.6
Maces & Flails | 1 2 3 4 5 |  5.6
Polearms       | 1 2 3 4 5 |  5.6
Staves         | 1 2 3 4 5 |  5.6
Slings         | 1 2 3 4 5 |  5.6
Bows           | 1 2 3 4 5 |  5.6
Crossbows      | 1 2 3 4 5 |  5.6
Throwing       | 1 2 3 4 5 |  5.6
Armour         | 1 2 3 4 5 |  5.6
Shields        | 1 2 3 4 5 |  5.6
Unarmed Combat | 1 2 3 4 5 |  5.6
Spellcasting   | 1 2 3 4 5 |  5.6
Conjurations   | 1 2 3 4 |  4.6
Hexes          | 1 2 3 4 |  4.6
Summonings     | 1 2 3 4 |  4.6
Necromancy     | 1 2 3 4 |  4.6
Translocations | 1 2 3 4 |  4.6
Transmutations | 1 2 3 4 |  4.6
Fire Magic     | 1 2 3 4 |  4.6
Ice Magic      | 1 2 3 4 |  4.6
Air Magic      | 1 2 3 4 |  4.6
Earth Magic    | 1 2 3 4 |  4.6
Poison Magic   | 1 2 3 4 |  4.6
Evocations     | 1 2 3 4 5 |  5.6
Axes           | 5 6 7 |  7.3
Dodging        | 5 6 7 |  7.3
Fighting       | 7 8 |  8.7

Action                   |  1- 3 |  4- 6 |  7- 9 | 10-12 || total
-------------------------+-------+-------+-------+-------++-------
Melee: Hand axe          |   113 |    31 |       |       ||   144
       Bite              |     7 |     4 |    33 |    21 ||    65
       Morningstar       |       |    41 |    63 |       ||   104
       Punch             |       |       |     3 |       ||     3
       Flail             |       |       |   225 |   142 ||   367
Throw: Dart              |     3 |     2 |     8 |     6 ||    19
Invok: Bend Time         |       |       |       |     3 ||     3
Evoke: Wand              |       |       |    11 |     2 ||    13
       Condenser vane    |       |       |       |     1 ||     1
  Use: Scroll            |     6 |     4 |     5 |     4 ||    19
       Potion            |     1 |     4 |     3 |     1 ||     9
 Stab: Sleeping          |     2 |     4 |       |       ||     6
       Confused          |       |       |       |     1 ||     1
Armor: Chain mail        |    59 |    32 |   163 |       ||   254
       Skin              |     7 |    19 |       |       ||    26
       Plate armour      |       |       |    92 |    79 ||   171
Dodge: Dodged            |    32 |    15 |    91 |    33 ||   171
Block: Tower shield      |       |       |   241 |   175 ||   416

Table legend: (Time is in decaauts)
 A = Elapsed time spent in this place.
 B = Non-inter-level travel time spent in this place.
 C = Inter-level travel time spent in this place.
 D = Time resting spent in this place.
 E = Time spent auto-exploring this place.
 F = Levels seen in this place.
 G = Mean time per level.
                   A        B        C        D        E       F      G
               +--------+--------+--------+--------+--------+-----+--------+
         Total |  13218 |  12689 |    529 |   3575 |   7194 |  12 | 1101.5 |
       Dungeon |  12437 |  11967 |    470 |   3289 |   6902 |  10 | 1243.7 |
        Temple |    324 |    265 |     59 |      0 |    243 |   1 |  324.0 |
          Lair |    457 |    457 |      0 |    286 |     49 |   1 |  457.0 |
               +--------+--------+--------+--------+--------+-----+--------+

Top non-repeatable levels by time:
     D:6: 1899 daAuts
     D:8: 1826 daAuts
     D:9: 1720 daAuts
     D:5: 1227 daAuts
     D:3: 1116 daAuts
     D:2: 1083 daAuts
     D:1: 1000 daAuts
     D:7: 947 daAuts
     D:4: 849 daAuts
    D:10: 765 daAuts
  Lair:1: 457 daAuts
  Temple: 324 daAuts
